 Dungeon Crawl Stone Soup version 0.18-a0-1109-gfc003ac (webtiles) character file.

13 root the Firebug (level 2, 0/20 HPs)
             Began as a Draconian Fire Elementalist on Jan 16, 2016.
             Succumbed to kobold's curare-tipped needle
             ... on level 3 of the Dungeon.
             The game lasted 00:03:38 (411 turns).

root the Firebug (Draconian Fire Elementalist)       Turns: 411, Time: 00:03:38

Health: 0/20       AC:  4    Str: 10    XL:     2   Next: 24%
Magic:  5/5        EV: 12    Int: 15    God:
Gold:   23         SH:  0    Dex: 11    Spells: 1 memorised, 4 levels left

rFire  . . .     SeeInvis .     (no weapon)
rCold  . . .     Gourm    .     (armour unavailable)
rNeg   . . .     Faith    .     (no shield)
rPois  .         Spirit   .     (helmet restricted)
rElec  .         Dismiss  .     (no cloak)
rCorr  .         Reflect  .     (no gloves)
SustAt .         Harm     .     (no boots)
MR     .....                    (no amulet)
Stlth  ++........               (no ring)
                                (no ring)

@: lethally poisoned (0 -> -9), slowed, very slow, not resistant to hostile
enchantments, unstealthy
A: unfitting armour, cold-blooded, AC +4
a: no special abilities


You were on level 3 of the Dungeon.
You were not hungry.

You visited 1 branch of the dungeon, and saw 3 of its levels.

You collected 23 gold pieces.

Inventory:

Scrolls
 c - 2 scrolls of identify {unknown}
 d - a scroll of blinking {unknown}
 e - a scroll of fear {unknown}
Books
 a - a book of Flames

   Spells                             Type                      Level
   a - Flame Tongue                   Conjuration/Fire             1
   b - Throw Flame                    Conjuration/Fire             2
   c - Conjure Flame                  Conjuration/Fire             3
   d - Inner Flame                    Hexes/Fire                   3
   e - Sticky Flame                   Conjuration/Fire             4
   f - Fireball                       Conjuration/Fire             5
Comestibles
 b - a bread ration
 f - 2 meat rations
 g - 2 chunks of flesh


   Skills:
 + Level 1.9 Dodging
 - Level 1.7 Stealth
 + Level 2.1 Spellcasting
 * Level 1.1 Conjurations
 * Level 3.5 Fire Magic


You had 4 spell levels left.
You knew the following spells:

 Your Spells              Type           Power        Failure   Level  Hunger
a - Flame Tongue          Conj/Fire      #....        12%         1    #......


Dungeon Overview and Level Annotations

Branches:
Dungeon (2/15)

Altars:


Innate Abilities, Weirdness & Mutations

Your plain brown scales are hard (AC +4).
Your body does not fit into most forms of armour.
You are cold-blooded and may be slowed by cold attacks.


Message History

You see here a curare-tipped needle.
* * * LOW HITPOINT WARNING * * *
You feel sick. The bat hits you but does no damage. The bat hits you.
* * * LOW HITPOINT WARNING * * *
The kobold shoots a curare-tipped needle.
The curare-tipped needle closely misses you.
The orc wizard mumbles some strange words.
The orc wizard seems to speed up.
* * * LOW HITPOINT WARNING * * *
You feel sick. The bat closely misses you.
Found a beef jerky.
You see here a curare-tipped needle.
You aren't carrying any potions.
* * * LOW HITPOINT WARNING * * *
You feel sick. The bat hits you but does no damage.
The orc wizard looks braver for a moment.
A jackal comes into view.
* * * LOW HITPOINT WARNING * * *
You feel sick. The bat barely misses you.
You die...

.. .. #... ... #
#.).##### ...
........... #..
......#.#.# ..####
#........%#### #..%...
..!.. #..(.o###.......
#..[..###.Koo..@.......
...........o...........
...o.......ob...##..###
..........!....... ...#
........h.......### ...
.#..............# ..
#...##.........# . #...
#.........# ####
##..[.....


You could see an orc wizard, 4 orcs, a jackal (wandering), a bat and a kobold.

Vanquished Creatures
  2 bats
  2 goblins (D:2)
  2 hobgoblins (D:2)
  4 kobolds
  A rat (D:2)
11 creatures vanquished.

Notes
Turn   | Place    | Note
--------------------------------------------------------------
     0 | D:1      | root the Draconian Fire Elementalist began the quest for the Orb.
     0 | D:1      | Reached XP level 1. HP: 14/14 MP: 3/3
   211 | D:2      | Reached XP level 2. HP: 20/20 MP: 1/5
   403 | D:2      | You fall through a shaft!
   410 | D:3      | HP: 1/20 [poisoned by kobold (curare-tipped needle)]
   411 | D:3      | Succumbed to kobold's curare-tipped needle

Vault maps used:
D:1:      minmay_arrival_radiant_lines, st_stairs_11, minmay_misc_feat_hallway
D:2:      nicolae_overflow_crystal_walls, tso_oasis_becter, serial_glass,
          glass_columns_b, glass_columns_c, glass_columns_c, glass_columns_a,
          glass_columns_a, glass_columns_b, glass_columns_a, glass_columns_b
D:3:      grunt_temple_overflow_gold_and_silver, lemuel_crystal_altar,
          first_bread, minmay_close_crescents

Action                   || total
-------------------------++-------
 Cast: Flame Tongue      ||    19
